[Event "25th Troya Open 2017"]
[Site "Canakkale"]
[Date "2017.08.07"]
[Round "1.8"]
[White "Mehmetcik, Sezgin"]
[Black "Rzayev, Askar Aliakbar"]
[Result "1/2-1/2"]
[ECO "A47"]
[WhiteElo "1897"]
[BlackElo "2072"]
[Annotator "NA RC"]
[PlyCount "88"]
[EventCountry "TUR"]
[SourceTitle "playchess.com"]
[Source "ChessBase"]
[SourceQuality "1"]
[TimeControl "5400+30"]

1. d4 Nf6 2. Nf3 e6 3. g3 b6 4. Bg2 Bb7 5. O-O Be7 6. Nbd2 O-O 7. b3 {[%emt 0:01:30] LiveBook: 3 Games} c5 8. c3 Na6 {[%emt 0:03:00] A47: 1 d4 Nf6 2 Nf3 b6: Torre, London and Colle Systems} (8... d6 9. Bb2 Nbd7 10. Re1 d5 11. Rc1 Rc8 12. e3 Qc7 13. c4 Qb8 14. cxd5 Nxd5 15. a3 cxd4 16. Nxd4 {0-1 (52) Geldyeva,M (2220)-Goryachkina,A (2466) Doha 2016}) 9. Bb2 Rc8 10. e4 $146 (10. e3 $11) ({Predecessor:} 10. Rc1 Qc7 11. Re1 Rfd8 12. e4 d6 13. Qe2 cxd4 14. Nxd4 Nc5 15. c4 a6 16. Rc2 {0-1 (60) Radivojevic,T (2193)-Arsic,D (2119) Nis 2014}) 10... Nxe4 11. Ng5 ({White should play} 11. Nxe4 $15 Bxe4 12. Qe2) 11... Bxg5 (11... Nxd2 $19 12. Bxb7 Bxg5 13. Bxa6 Nxf1 14. Bxc8 Nxg3 15. hxg3 Qxc8 16. dxc5 bxc5) 12. Nxe4 Bxe4 13. Bxe4 d5 14. Bxh7+ Kxh7 15. Qd3+ g6 16. Qxa6 cxd4 17. cxd4 Qd7 18. h4 Bh6 19. h5 Rc2 20. Bc1 $1 Qc8 21. hxg6+ fxg6 (21... Kg7 $5 22. Qxc8 Rfxc8 23. Bxh6+ Kxh6 $14) 22. Qxa7+ Rc7 23. Qa3 Bg7 24. Kg2 Rc2 25. Be3 Qc3 26. Rae1 $1 Qd3 27. Qe7 Qe4+ {[%emt 0:02:30] [#]} 28. Kg1 $1 Qf5 ({Better is} 28... Qf3 $14 29. Qh4+ (29. Qxe6 $2 Rf5 $19) 29... Qh5) 29. Bf4 (29. Rc1 $16) 29... Rf7 30. Qxe6 Qxe6 31. Rxe6 Bxd4 32. Be3 Bxe3 33. fxe3 Rxf1+ 34. Kxf1 Rxa2 35. Rxb6 Rb2 36. b4 Kh6 37. Rd6 Rxb4 38. Rxd5 Rb2 39. Rd3 Kg5 40. e4 Kf6 41. Rd6+ Ke5 42. Rxg6 Kxe4 $11 43. Rf6 Ke5 44. Rf8 Ra2 1/2-1/2

[Event "25th Troya Open 2017"]
[Site "Canakkale"]
[Date "2017.08.07"]
[Round "1.10"]
[White "Atik, Muhammed Ihsan"]
[Black "Sozbir, Levent Erinc"]
[Result "0-1"]
[ECO "A45"]
[WhiteElo "1308"]
[BlackElo "1553"]
[Annotator "NA RC"]
[PlyCount "104"]
[EventCountry "TUR"]
[SourceTitle "playchess.com"]
[Source "ChessBase"]
[SourceQuality "1"]
[TimeControl "5400+30"]

1. d4 Nf6 2. b3 g6 3. Bb2 Bg7 4. Nd2 d5 5. e3 O-O 6. Bd3 Nc6 7. a3 Re8 8. Ngf3 Nd7 9. c4 dxc4 10. Nxc4 Nb6 11. Rc1 Bg4 12. Nxb6 axb6 13. h3 Bxf3 14. Qxf3 Ne5 15. Qe2 Nxd3+ 16. Qxd3 e5 17. O-O exd4 18. exd4 c5 19. Qf3 Re7 20. Rfe1 Rd7 21. Qg4 Bxd4 22. Bxd4 Rxd4 23. Re4 Rxa3 24. Rxd4 Qxd4 25. Qxd4 cxd4 26. Rb1 Kf8 27. Rd1 Rxb3 28. Rxd4 Ke7 29. Kh2 Rc3 30. Rb4 Rc6 31. Kg3 Kd6 32. Rb5 Kc7 33. Re5 Rd6 34. Kf4 h6 35. Ke4 Kc6 36. Re7 Re6+ 37. Rxe6+ fxe6 38. Ke5 b5 39. Kf6 b4 40. Kxg6 b3 41. Kxh6 b2 42. g4 b1=Q 43. g5 Qf1 44. h4 Qxf2 45. h5 e5 46. g6 e4 47. Kh7 e3 48. g7 Qf7 49. Kh6 Qg8 50. Kg6 e2 51. h6 e1=Q 52. h7 Qg3+ 0-1

[Event "25th Troya Open 2017"]
[Site "Canakkale"]
[Date "2017.08.07"]
[Round "1.11"]
[White "Cakin, Ahmet Burak"]
[Black "Cosar, Berk"]
[Result "1-0"]
[ECO "D02"]
[WhiteElo "1653"]
[BlackElo "1403"]
[Annotator "NA RC"]
[PlyCount "159"]
[EventCountry "TUR"]
[SourceTitle "playchess.com"]
[Source "ChessBase"]
[SourceQuality "1"]
[TimeControl "5400+30"]

1. Nf3 d5 2. g3 g6 3. Bg2 Bg7 4. O-O Nf6 5. d4 O-O 6. Nbd2 Nbd7 7. c4 c5 8. Re1 cxd4 9. Nxd4 e5 10. N4b3 d4 11. e3 d3 12. e4 Qc7 13. Bf1 Nc5 14. Nxc5 Qxc5 15. Bxd3 Rd8 16. Bf1 Bg4 17. Qc2 Rac8 18. b3 Qd4 19. Rb1 Rd7 20. h3 Be6 21. Nf3 Qd6 22. Bb2 Ne8 23. Red1 Qc5 24. Ng5 Qc6 25. Nxe6 Qxe6 26. Rd2 Rcd8 27. Rbd1 Rxd2 28. Rxd2 Rxd2 29. Qxd2 Qd6 30. Qa5 a6 31. Qd5 Qc7 32. b4 Nf6 33. Qxe5 Qxe5 34. Bxe5 Nxe4 35. Bxg7 Kxg7 36. Bg2 Nc3 37. Bxb7 Nxa2 38. b5 axb5 39. cxb5 Nc3 40. Bc6 Na4 41. Kf1 Kf6 42. Ke2 Ke5 43. Kd3 Kd6 44. Kc4 Nb6+ 45. Kb4 f6 46. Ka5 Nc4+ 47. Ka6 Kc7 48. Be8 g5 49. Bf7 Nb6 50. Ka5 h6 51. Kb4 Kd6 52. f4 Nd7 53. Kc4 Ke7 54. Bg8 Kd6 55. Kd4 Ke7 56. Kd5 Nb8 57. Kc5 Kd7 58. b6 Na6+ 59. Kb5 Nb8 60. Kc5 Na6+ 61. Kd5 Nb8 62. Be6+ Ke7 63. b7 Ke8 64. Ke4 Kf8 65. Kd5 Ke7 66. Bg4 Na6 67. Kc6 Nb8+ 68. Kc7 Na6+ 69. Kc8 Kf8 70. b8=Q Nxb8 71. Kxb8 Ke7 72. Kc7 gxf4 73. gxf4 Kf7 74. f5 Ke7 75. Bh5 Kf8 76. Kd6 Kg8 77. Ke6 Kg7 78. h4 Kh8 79. Kxf6 Kh7 80. Ke7 1-0

[Event "25th Troya Open 2017"]
[Site "Canakkale"]
[Date "2017.08.07"]
[Round "1.12"]
[White "Yunus, Ali Emre"]
[Black "Koc, Serkan"]
[Result "0-1"]
[ECO "C42"]
[WhiteElo "1231"]
[BlackElo "1721"]
[Annotator "NA RC"]
[PlyCount "58"]
[EventCountry "TUR"]
[SourceTitle "playchess.com"]
[Source "ChessBase"]
[SourceQuality "1"]
[TimeControl "5400+30"]

1. e4 e5 2. Nf3 Nf6 3. Nxe5 d6 4. Nf3 Nxe4 5. d4 d5 6. Bd3 Be7 7. O-O O-O 8. Nbd2 f5 9. Re1 Bf6 10. c3 Re8 11. Qb3 Kh8 12. Nf1 c6 13. Bf4 Nd7 14. Be3 Nf8 15. Rad1 Ng6 16. h3 b5 17. Bc1 Be6 18. Qc2 Qc7 19. N3d2 Bh4 20. Bxe4 fxe4 21. Nb3 Rf8 22. Be3 Bxh3 23. gxh3 Rf3 24. Nfd2 Rxh3 25. Kf1 Rf8 26. Ke2 Bxf2 27. Bxf2 Rxf2+ 28. Kxf2 Qf4+ 29. Kg1 Rg3+ 0-1

[Event "25th Troya Open 2017"]
[Site "Canakkale"]
[Date "2017.08.08"]
[Round "3.3"]
[White "Uzuner, Tufan Can"]
[Black "Rahmanov, Shahriyar"]
[Result "0-1"]
[ECO "A04"]
[WhiteElo "1949"]
[BlackElo "2327"]
[Annotator "RC"]
[PlyCount "46"]
[EventCountry "TUR"]
[SourceTitle "playchess.com"]
[Source "ChessBase"]
[SourceQuality "1"]
[TimeControl "5400+30"]

1. Nf3 g6 2. c4 Bg7 3. Nc3 e5 4. d3 b6 5. g3 Bb7 6. Bg2 Ne7 7. O-O O-O 8. Bd2 d6 9. Qc2 Nd7 10. b4 c6 11. Ne4 Nc8 12. Bc3 d5 13. Ned2 Qe7 14. Rab1 f5 15. b5 cxb5 16. cxd5 Nd6 17. Qb2 Bxd5 18. Ne1 Bxg2 19. Nxg2 Nc5 20. Nf3 Rfe8 21. Ne3 Rac8 22. Bxe5 Bxe5 23. d4 Bg7 0-1

[Event "25th Troya Open 2017"]
[Site "Canakkale"]
[Date "2017.08.08"]
[Round "3.4"]
[White "Baltaci, Ismail Tarik"]
[Black "Grigoriev, Armen"]
[Result "1-0"]
[ECO "B08"]
[WhiteElo "1946"]
[BlackElo "2160"]
[Annotator "NA"]
[PlyCount "61"]
[EventCountry "TUR"]
[SourceTitle "playchess.com"]
[Source "ChessBase"]
[SourceQuality "1"]
[TimeControl "5400+30"]

1. e4 Nc6 2. Nf3 d6 3. d4 g6 4. Bc4 Bg7 5. Nc3 Nf6 6. h3 (6. d5 $14 Ne5 7. Nxe5 dxe5 8. Be3) 6... O-O (6... Nxe4 $5 7. Bxf7+ (7. Nxe4 d5 $11) 7... Kxf7 8. Nxe4 d5 $11) 7. Be3 {[%emt 0:03:30] LiveBook: 11 Games} Nxe4 {[%emt 0:02:00] B08: Pirc Defence: Classical System} 8. Nxe4 d5 9. Bd3 dxe4 10. Bxe4 f5 11. Bxc6 $1 bxc6 12. Qd2 c5 13. Rd1 $146 ({Predecessor:} 13. O-O-O $16 Qd5 14. b3 c4 15. Bh6 {1-0 (45) Bischoff,K (2485)-Marangunic,S (2450) Dortmund 1987}) 13... Bb7 14. d5 Qd6 15. Qa5 $1 Qb6 (15... Qa6 $5 16. Qxc5 c6 $11) 16. Qxc5 Qxc5 (16... f4 $5 17. Bd4 Qxc5 18. Bxc5 Rf5 $11) 17. Bxc5 Bxb2 18. O-O Bf6 19. Rfe1 Rfe8 20. Ne5 Rad8 21. c4 Ba6 (21... e6 $5 ) 22. Nc6 Rd7 23. Rc1 e5 24. dxe6 Rd2 25. e7 Bb2 26. Rb1 Bxc4 {[%emt 0:01:30] [#]} 27. Be3 $18 ({Worse is} 27. Bxa7 Bd3 $11) 27... Bc3 $2 (27... Rc2) 28. Bxd2 Bxd2 29. Red1 Bxa2 30. Rb8 Bf7 31. Rxd2 1-0

[Event "25th Troya Open 2017"]
[Site "Canakkale"]
[Date "2017.08.08"]
[Round "3.5"]
[White "Hacioglu, Berkan"]
[Black "Alaz, Ahmet Efekan"]
[Result "0-1"]
[ECO "D15"]
[WhiteElo "1953"]
[BlackElo "2048"]
[Annotator "NA RC"]
[PlyCount "80"]
[EventCountry "TUR"]
[SourceTitle "playchess.com"]
[Source "ChessBase"]
[SourceQuality "1"]
[TimeControl "5400+30"]

1. d4 d5 2. Nf3 Nf6 3. c4 c6 4. Nc3 a6 5. c5 Nbd7 6. Bf4 g6 7. e3 Bg7 8. Bd3 O-O 9. O-O Nh5 10. b4 {[%emt 0:09:30] D15: Slav Defence: 4 Nc3 a6 and gambit lines after 4 Nc3 dxc4} (10. Re1 $14) (10. Bg5 Bf6 11. Bxf6 Nhxf6 12. Re1 Re8 13. e4 dxe4 14. Bxe4 Nxe4 15. Nxe4 Nf8 16. h3 Be6 17. Nc3 Qc7 18. Qe2 {½-½ (26) Onischuk,A (2628)-Sakaev,K (2669) Ruschess.com INT 2005}) 10... f6 11. Qb3 Kh8 12. Bg3 Nxg3 13. hxg3 e5 14. e4 {[%emt 0:04:30] [#]} dxe4 $146 ({Predecessor:} 14... f5 15. exd5 e4 16. Bxe4 fxe4 17. Nxe4 Nf6 18. Nxf6 Qxf6 {0-1 (25) Lehmann,H (2205)-Saltaev,M (2526) Dortmund 2001}) 15. Nxe4 f5 16. Neg5 (16. Nd6 $1 $11 {remains equal.}) 16... e4 17. Ne6 Nxc5 18. Nxc5 (18. bxc5 $17 Bxe6 19. Qxe6) 18... exf3 19. gxf3 Bxd4 20. Rad1 ({White must play} 20. Rae1 $15) 20... Qc7 (20... a5 $17 21. Be2 Qd6) 21. Kg2 b6 22. Na4 ({White should try} 22. Ne6 $1 $15 Bxe6 23. Qxe6) 22... c5 23. Rfe1 Bb7 24. Re6 Bc6 25. Rde1 Qb7 26. Re7 Bxf3+ 27. Kg1 Qb8 28. Kf1 Be4 29. Nb2 Qd8 30. Bxe4 fxe4 ({Less strong is} 30... Qxe7 31. Bxa8 Qg7 32. Bd5 $17) 31. R1xe4 Rxf2+ 32. Ke1 Qf8 33. Nd1 Rd8 34. Qd3 Rf7 $19 (34... Rxa2 35. Re2 Bg7 36. Qxd8 Rxe2+ 37. Rxe2 Qxd8 38. bxc5 bxc5) 35. Qe2 Rxe7 36. Rxe7 Qf6 37. Qe4 Bc3+ 38. Ke2 Rd2+ 39. Ke3 Qd4+ 40. Qxd4+ cxd4+ 0-1

[Event "25th Troya Open 2017"]
[Site "Canakkale"]
[Date "2017.08.08"]
[Round "3.6"]
[White "Yasin, Hur"]
[Black "Ozsakallioglu, Okan"]
[Result "0-1"]
[ECO "B23"]
[WhiteElo "1982"]
[BlackElo "2010"]
[Annotator "NA RC"]
[PlyCount "78"]
[EventCountry "TUR"]
[SourceTitle "playchess.com"]
[Source "ChessBase"]
[SourceQuality "1"]
[TimeControl "5400+30"]

1. e4 c5 2. Nc3 e6 3. f4 a6 4. Nf3 Nc6 5. g3 d5 {[%emt 0:02:00] LiveBook: 117 Games} 6. d3 b5 {[%emt 0:01:30] B23: Closed Sicilian: Lines without g3} (6... Nf6 7. Bg2 d4 8. Nb1 Be7 9. O-O O-O 10. h3 b5 11. a4 Rb8 12. axb5 axb5 13. Na3 Qb6 14. Kh2 Rd8 15. Qe1 {1-0 (45) Jones,G (2624)-Tregubov,P (2602) Bastia 2011}) 7. Bg2 Nf6 8. e5 Nd7 9. O-O g6 10. Ne2 Be7 $146 ({Find the theoretical novelty and annotate with similar games:} 10... Qb6 11. Be3 a5 12. c3 b4 13. c4 d4 14. Bf2 Bb7 15. g4 h5 {½-½ (44) Horak,M (2325)-Nun,J (2365) Czechia 2000}) 11. c3 h5 12. d4 a5 13. Be3 Ba6 14. h3 Nb6 15. Bf2 Qd7 16. b3 (16. a3 $11) 16... c4 17. Re1 b4 18. Nd2 Rc8 19. Bf1 Na7 20. Rc1 Nb5 21. bxc4 Nxc4 22. Nb3 Nb2 23. Qd2 Nc4 24. Qd3 a4 25. Nc5 Bxc5 26. dxc5 b3 27. axb3 axb3 28. Ra1 (28. Rb1 $11) 28... Bb7 29. Nd4 b2 30. Ra2 Nba3 31. g4 $2 (31. Rb1) 31... hxg4 32. hxg4 Bc6 33. f5 gxf5 34. gxf5 Rg8+ 35. Kh2 {[%emt 0:02:00] [#]} Nxe5 $19 36. Rxa3 $2 (36. fxe6 fxe6 37. Rxe5) 36... Nxd3 37. Bxd3 Qc7+ 38. Kh1 Qf4 39. Bg1 Qg3 0-1

[Event "25th Troya Open 2017"]
[Site "Canakkale"]
[Date "2017.08.08"]
[Round "3.7"]
[White "Maden, Mirac Kerem"]
[Black "Albayrak, Kerem"]
[Result "1-0"]
[ECO "E97"]
[WhiteElo "2014"]
[BlackElo "1833"]
[Annotator "NA"]
[PlyCount "58"]
[EventCountry "TUR"]
[SourceTitle "playchess.com"]
[Source "ChessBase"]
[SourceQuality "1"]
[TimeControl "5400+30"]

1. d4 Nf6 2. Nf3 g6 3. c4 Bg7 4. Nc3 O-O 5. e4 d6 6. Be2 e5 7. O-O Nc6 8. d5 Ne7 9. b4 a5 10. Ba3 axb4 11. Bxb4 b6 12. a4 Re8 13. Qc2 {[%emt 0:00:00] E97: King's Indian: Classical Main Line (6...e5 7 0-0 Nc6): 8 Be3 and 8 d5 Ne7, not 9 Ne1} (13. Re1 Bf8 14. Nd2 c5 15. Ba3 Bg7 16. Bb2 Rf8 17. Nb5 Ne8 18. Bc3 f5 19. Ra3 Bh6 20. Bd3 Nf6 21. f3 fxe4 22. fxe4 Ng4 23. Nf1 g5 24. Ra2 Ng6 25. Ng3 Nf4 26. Bb1 Nxh2 27. Nxd6 g4 {½-½ (27) Aleksandrov,A (2565)-Fedorov,A (2576) Minsk 2017}) 13... c5 14. dxc6 Nxc6 15. Ba3 Nd4 16. Qd3 Bb7 17. Rfe1 $146 ({Predecessor:} 17. Nd2 Bc6 18. Bd1 Qd7 19. Nb5 Bxb5 20. axb5 Qb7 {0-1 (32) Papakonstantinou,D-Gouloutis,N (1590) Kallithea 2009}) 17... Nxe4 ({Better is} 17... Nh5 $11) 18. Nxe4 f5 19. Nxd6 e4 20. Qxd4 $1 Bxd4 21. Nxd4 f4 22. c5 $18 ({Weaker is} 22. Nxe8 Qxd4 23. Rad1 Qe5 $18) 22... Bd5 23. Nxe8 Qxe8 24. Bb5 Qe5 25. Nc6 Qg5 26. cxb6 f3 27. g3 Re8 28. b7 Bxc6 29. Bxc6 Qf6 1-0

[Event "25th Troya Open 2017"]
[Site "Canakkale"]
[Date "2017.08.08"]
[Round "3.8"]
[White "Sevgi, Volkan"]
[Black "Erencek, Ali Ediz"]
[Result "1-0"]
[ECO "B23"]
[WhiteElo "2213"]
[BlackElo "1934"]
[Annotator "ChessBase"]
[PlyCount "63"]
[EventCountry "TUR"]
[SourceTitle "playchess.com"]
[Source "ChessBase"]
[SourceQuality "1"]
[TimeControl "5400+30"]

1. e4 c5 2. Nc3 a6 3. g4 b5 4. Bg2 Bb7 5. d3 e6 6. Nh3 h5 7. g5 g6 8. Be3 b4 9. Ne2 e5 10. f4 d6 11. O-O Nd7 12. c3 a5 13. f5 gxf5 14. Rxf5 Ne7 15. Rf2 h4 16. cxb4 axb4 17. Qb3 Rh7 18. g6 Nxg6 19. Ng5 Rg7 20. Nxf7 Qc7 21. Qe6+ Be7 22. Bh6 Ngf8 23. Qf5 Rg6 24. Kh1 Bf6 25. Bf3 Kxf7 26. Bh5 c4 27. Rg1 cxd3 28. Rxg6 Ke7 29. Rxf6 Qc6 30. Qg5 Nxf6 31. Qxf6+ Kd7 32. Qg7+ 1-0

[Event "25th Troya Open 2017"]
[Site "Canakkale"]
[Date "2017.08.08"]
[Round "3.9"]
[White "Cakin, Ahmet Burak"]
[Black "Aslan, Lina"]
[Result "1-0"]
[ECO "A36"]
[WhiteElo "1653"]
[BlackElo "1524"]
[Annotator "NA RC"]
[PlyCount "131"]
[EventCountry "TUR"]
[SourceTitle "playchess.com"]
[Source "ChessBase"]
[SourceQuality "1"]
[TimeControl "5400+30"]

1. c4 c5 2. Nc3 Nc6 3. g3 g6 4. Bg2 Bg7 5. e3 Nf6 6. Nge2 d6 7. O-O O-O 8. b3 a6 9. h3 Rb8 10. d4 Bd7 11. dxc5 dxc5 12. e4 b5 13. Be3 bxc4 14. bxc4 Ne5 15. Bxc5 Nxc4 16. Qd3 Ne5 17. Qxa6 Re8 18. f4 Qc7 19. Bf2 Bc8 20. Qa7 Rb7 21. Qc5 Nd3 22. Qxc7 Rxc7 23. Be3 Nxe4 24. Nxe4 Bxa1 25. Rxa1 Be6 26. a4 Bc4 27. Nd4 Nb4 28. Bd2 Na6 29. a5 Rd8 30. Be3 f5 31. Nd2 Bd5 32. Bf1 Nc5 33. a6 Ra8 34. Nb5 Rcc8 35. a7 Ne4 36. Nxe4 fxe4 37. g4 Bc4 38. Bxc4+ Rxc4 39. Rc1 Rb4 40. Nc7 Rxa7 41. Bxa7 Rb3 42. Nd5 Rxh3 43. Kg2 Rd3 44. Ne3 Rd2+ 45. Kg3 Ra2 46. Bc5 Kf7 47. Rc4 Ra5 48. Bb4 Ra7 49. Rxe4 e6 50. Nc2 Rb7 51. Rc4 Rd7 52. Rd4 Rb7 53. Ne1 Rc7 54. Nd3 Rb7 55. Nc5 Rc7 56. Rd7+ Rxd7 57. Nxd7 Kg7 58. Kf3 Kf7 59. Ke4 Kg7 60. Ke5 Kf7 61. g5 Kg7 62. Kxe6 Kg8 63. Kf6 Kh8 64. Kf7 h5 65. Nf8 h4 66. Bc3# 1-0

[Event "25th Troya Open 2017"]
[Site "Canakkale"]
[Date "2017.08.08"]
[Round "3.10"]
[White "Bayindir, Kuzey"]
[Black "Pekdemir, Veysel"]
[Result "1-0"]
[ECO "A50"]
[WhiteElo "1669"]
[BlackElo "1589"]
[Annotator "NA RC"]
[PlyCount "83"]
[EventCountry "TUR"]
[SourceTitle "playchess.com"]
[Source "ChessBase"]
[SourceQuality "1"]
[TimeControl "5400+30"]

1. d4 Nf6 2. c4 e6 3. Nc3 b6 4. e4 Bb4 5. f3 h6 6. Be3 Bb7 7. Nge2 d5 8. cxd5 exd5 9. Qa4+ Nc6 10. e5 Nh7 11. a3 Bxc3+ 12. Nxc3 O-O 13. Bd3 Re8 14. O-O f6 15. f4 Na5 16. Rad1 Rc8 17. Qc2 Nf8 18. b4 Nc4 19. Nxd5 Nxa3 20. Nxf6+ gxf6 21. Qa2+ Qd5 22. Ra1 c5 23. bxc5 Qxa2 24. Rxa2 bxc5 25. Rxa3 cxd4 26. Bxd4 Red8 27. Bxa7 Ra8 28. Bc4+ Kg7 29. Rg3+ Kh7 30. Bb6 Rd2 31. exf6 Ng6 32. Bd3 Rxd3 33. Rxd3 Be4 34. Rd7+ Kh8 35. Bd4 Nf8 36. Re7 Bd5 37. Ra1 Rc8 38. Raa7 Ne6 39. Rh7+ Kg8 40. f7+ Kxh7 41. f8=Q+ Rc7 42. Rxc7+ 1-0

[Event "25th Troya Open 2017"]
[Site "Canakkale"]
[Date "2017.08.08"]
[Round "3.11"]
[White "Esti, Kubra Selenay"]
[Black "Demirtas, Hafize"]
[Result "0-1"]
[ECO "A00"]
[WhiteElo "1551"]
[BlackElo "1708"]
[Annotator "NA RC"]
[PlyCount "146"]
[EventCountry "TUR"]
[SourceTitle "playchess.com"]
[Source "ChessBase"]
[SourceQuality "1"]
[TimeControl "5400+30"]

1. Nf3 d5 2. g3 Nf6 3. Bg2 Nbd7 4. O-O e5 5. d3 Bd6 6. Nc3 c6 7. Bg5 O-O 8. e4 d4 9. Ne2 Qb6 10. Bxf6 Nxf6 11. Qc1 Re8 12. Nh4 Ng4 13. h3 Nh6 14. g4 f6 15. Ng3 Bd7 16. Nh5 Nf7 17. Nf5 Bf8 18. Bf3 c5 19. Nhg3 g6 20. Nh4 Bh6 21. Qb1 Qd8 22. Be2 f5 23. Ng2 f4 24. Nh1 Ng5 25. f3 Nxh3+ 26. Kh2 Ng5 27. Nf2 Nf7 28. Rh1 Bg5 29. Kg1 Rc8 30. a4 Be6 31. Kf1 Qa5 32. Qe1 Qb6 33. b3 Qc7 34. Nd1 a6 35. Nb2 Bd8 36. Kf2 b5 37. axb5 axb5 38. Ra6 Nd6 39. Qa1 Re7 40. Qa3 Rb8 41. Ra1 Rb7 42. Kf1 Nc8 43. Kf2 Bd7 44. Qa2 Kg7 45. Kg1 Re6 46. Rxe6 Bxe6 47. Kf2 Nd6 48. Kf1 Nc8 49. Kf2 Ra7 50. Qb1 Nb6 51. Qf1 Be7 52. Kg1 Rxa1 53. Qxa1 c4 54. bxc4 bxc4 55. Qa6 Bc8 56. Qa5 Qc5 57. Qa7 Kf8 58. Kf1 c3 59. Na4 Nxa4 60. Qxa4 Qb4 61. Qc6 Qb7 62. Qc4 Bd7 63. Qa2 Kg7 64. Kf2 h6 65. Qa1 Be6 66. Qa5 Kf6 67. Nh4 Kf7 68. Ng2 Bf6 69. Qc5 Qe7 70. Qb5 Kg7 71. Qa5 Bd7 72. Qa7 h5 73. gxh5 gxh5 0-1

[Event "25th Troya Open 2017"]
[Site "Canakkale"]
[Date "2017.08.08"]
[Round "3.12"]
[White "Daloglu, Berkay"]
[Black "Hayrat, Mehmet Emir"]
[Result "1/2-1/2"]
[ECO "B40"]
[WhiteElo "1688"]
[BlackElo "1536"]
[Annotator "NA"]
[PlyCount "78"]
[EventCountry "TUR"]
[SourceTitle "playchess.com"]
[Source "ChessBase"]
[SourceQuality "1"]
[TimeControl "5400+30"]

1. e4 e6 2. d3 d5 3. Nd2 c5 4. Ngf3 Nc6 5. g3 g6 6. Bg2 Bg7 7. O-O d4 8. Re1 e5 9. Nb3 b6 10. c3 Nge7 11. cxd4 cxd4 12. Nh4 O-O 13. f4 f6 14. Nf3 Bd7 15. Bd2 Rc8 16. Rc1 Be6 17. fxe5 fxe5 18. Ng5 Bd7 19. Na1 h6 20. Qb3+ Kh8 21. Nf7+ Rxf7 22. Qxf7 Be8 23. Qb3 g5 24. Bh3 Rb8 25. Nc2 Ng6 26. Nb4 Nxb4 27. Bxb4 Bd7 28. Bxd7 Qxd7 29. Rf1 Qh3 30. Qf7 Kh7 31. Rc7 Rg8 32. Rxa7 h5 33. Rf6 Nf4 34. gxf4 Qe3+ 35. Kf1 Qxd3+ 36. Ke1 Qxe4+ 37. Kd2 Qe3+ 38. Kd1 Qf3+ 39. Ke1 Qe4+ 1/2-1/2

[Event "25th Troya Open 2017"]
[Site "Canakkale"]
[Date "2017.08.09"]
[Round "4.9"]
[White "Konusoglu, Kemal Safa"]
[Black "Cakin, Ahmet Burak"]
[Result "1-0"]
[ECO "D63"]
[WhiteElo "1555"]
[BlackElo "1653"]
[Annotator "NA RC"]
[PlyCount "121"]
[EventCountry "TUR"]
[SourceTitle "playchess.com"]
[Source "ChessBase"]
[SourceQuality "1"]
[TimeControl "5400+30"]

1. d4 d5 2. Nf3 Nf6 3. c4 c6 4. Nc3 e6 5. Bg5 Nbd7 6. e3 Be7 7. Rc1 O-O 8. Bd3 dxc4 9. Bxc4 c5 10. O-O b6 11. Qe2 Bb7 12. Rfd1 Nd5 13. Bxe7 Qxe7 14. Bxd5 exd5 15. dxc5 Nxc5 16. Nxd5 Bxd5 17. Rxd5 Rac8 18. h3 h6 19. Rdd1 Qe6 20. Nd4 Qxa2 21. Ra1 Qd5 22. Rxa7 Nb3 23. Ra3 Nxd4 24. Rxd4 Qe5 25. f4 Rc1+ 26. Kh2 Qc5 27. Rad3 Qa5 28. b4 Qa1 29. Rd1 Rxd1 30. Qxd1 Qc3 31. Qd2 Qc7 32. Rd7 Qc6 33. Qd6 Qxd6 34. Rxd6 Rb8 35. Kg3 b5 36. Kf3 Kh7 37. Ke4 f6 38. Kd5 Kg6 39. e4 Kf7 40. Rd7+ Kg8 41. e5 fxe5 42. fxe5 g5 43. e6 h5 44. e7 Re8 45. Rd8 Kf7 46. Rxe8 Kxe8 47. Kd6 h4 48. Kc6 Kxe7 49. Kxb5 Kf6 50. Kc6 Kf5 51. b5 Kf4 52. b6 Kg3 53. b7 Kxg2 54. b8=Q Kxh3 55. Kd5 Kg2 56. Ke4 h3 57. Qb2+ Kg3 58. Qe5+ Kg2 59. Qxg5+ Kh1 60. Kf3 Kh2 61. Ke4 1-0

[Event "25th Troya Open 2017"]
[Site "Canakkale"]
[Date "2017.08.09"]
[Round "4.10"]
[White "Zaimov, Berk"]
[Black "Bayindir, Kuzey"]
[Result "1-0"]
[ECO "C10"]
[WhiteElo "1544"]
[BlackElo "1669"]
[Annotator "NA RC"]
[PlyCount "77"]
[EventCountry "TUR"]
[SourceTitle "playchess.com"]
[Source "ChessBase"]
[SourceQuality "1"]
[TimeControl "5400+30"]

1. e4 e6 2. d4 d5 3. Nc3 dxe4 4. Nxe4 Nd7 5. Nf3 Ngf6 6. Bg5 Be7 7. Nxf6+ Nxf6 8. Bd3 b6 9. Bxf6 Bxf6 10. Be4 Rb8 11. Qd3 c5 12. Rd1 cxd4 13. Nxd4 Qxd4 14. Bc6+ Bd7 15. Bxd7+ Kxd7 16. Qb5+ Ke7 17. Rxd4 Bxd4 18. Qa4 Rbd8 19. Qxa7+ Rd7 20. Qa3+ Bc5 21. b4 Bd6 22. O-O b5 23. Qb3 Rc8 24. g3 Rdc7 25. Qd3 Rxc2 26. Qxb5 Rxa2 27. Rd1 h6 28. Qb6 Rd8 29. Qc6 Raa8 30. Kg2 Rac8 31. Qa6 Ra8 32. Qb7+ Ke8 33. Rxd6 Rxd6 34. Qxa8+ Rd8 35. Qc6+ Ke7 36. b5 Rd6 37. Qc5 Kd7 38. Qa7+ Ke8 39. b6 1-0

[Event "25th Troya Open 2017"]
[Site "Canakkale"]
[Date "2017.08.09"]
[Round "4.11"]
[White "Demirtas, Hafize"]
[Black "Altin, Halis"]
[Result "1-0"]
[ECO "D37"]
[WhiteElo "1708"]
[BlackElo "1598"]
[Annotator "NA RC"]
[PlyCount "63"]
[EventCountry "TUR"]
[SourceTitle "playchess.com"]
[Source "ChessBase"]
[SourceQuality "1"]
[TimeControl "5400+30"]

1. d4 Nf6 2. c4 e6 3. a3 d5 4. Nc3 Nbd7 5. e3 Be7 6. Nf3 O-O 7. b3 b6 8. Bb2 Bb7 9. Bd3 Re8 10. O-O Nf8 11. Ne5 N6d7 12. f4 Nxe5 13. fxe5 f6 14. cxd5 exd5 15. Qh5 Bc8 16. Nxd5 g6 17. Qf3 Be6 18. Nxe7+ Rxe7 19. exf6 Rf7 20. Bc4 Rc8 21. d5 Bd7 22. a4 c6 23. dxc6 Be6 24. Ba6 Rcc7 25. Be5 Bxb3 26. Bxc7 Qxc7 27. e4 Be6 28. Rac1 Bc8 29. Bxc8 Qxc8 30. Rfd1 Ne6 31. Rd6 Nc5 32. Rcd1 1-0

[Event "25th Troya Open 2017"]
[Site "Canakkale"]
[Date "2017.08.09"]
[Round "4.12"]
[White "Gurel, Ediz"]
[Black "Istekli, Erdem"]
[Result "1/2-1/2"]
[ECO "B22"]
[WhiteElo "1586"]
[BlackElo "1696"]
[Annotator "NA RC"]
[PlyCount "48"]
[EventCountry "TUR"]
[SourceTitle "playchess.com"]
[Source "ChessBase"]
[SourceQuality "1"]
[TimeControl "5400+30"]

1. e4 c5 2. Nf3 Nc6 3. c3 d5 4. exd5 Qxd5 5. d4 Nf6 6. Be2 cxd4 7. cxd4 e6 8. Nc3 Qd6 9. O-O Be7 10. h3 O-O 11. Be3 b6 12. Rc1 Bb7 13. a3 Rac8 14. Qa4 Rfd8 15. Rfd1 Qb8 16. Ba6 Bxa6 17. Qxa6 g6 18. b4 Bf8 19. Ne2 Nd5 20. Bg5 Be7 21. Bxe7 Ncxe7 22. Qa4 Qb7 23. Qb3 Rxc1 24. Rxc1 Rc8 1/2-1/2